 Dungeon Crawl Stone Soup version 0.29.1-15-g9cfb28693d (webtiles) character file.

Game seed: 5610478051512331493

63 Eitelfritz the Chopper (level 4, 0/40 HPs)
             Began as a Hill Orc Fighter on Apr 15, 2023.
             Slain by an orc
             ... wielding a +0 flail
              (3 damage)
             ... on level 3 of the Dungeon.
             The game lasted 00:02:41 (2032 turns).

Eitelfritz the Chopper (Hill Orc Fighter)           Turns: 2032, Time: 00:02:41

Health: 0/40       AC:  7    Str: 20    XL:     4   Next: 10%
Magic:  4/4        EV:  9    Int:  8    God:
Gold:   146        SH:  4    Dex: 10    Spells: 3/3 levels left

rFire   . . .      SeeInvis .   a - +0 war axe
rCold   . . .      Faith    .   c - +0 buckler
rNeg    . . .      Spirit   .   b - +0 scale mail
rPois   .          Reflect  .   (no helmet)
rElec   .          Harm     .   (no cloak)
rCorr   .          Rampage  .   (no gloves)
Will    .....                   (no boots)
Stlth   ..........              (no amulet)
HPRegen 0.13/turn               (no ring)
MPRegen 0.09/turn               (no ring)

@: mighty
A: no striking features
a: Convert to Beogh


You were on level 3 of the Dungeon.
You visited 1 branch of the dungeon, and saw 3 of its levels.

You collected 146 gold pieces.

Inventory:

Hand Weapons
 a - a +0 war axe (weapon)
 e - a +2 whip of venom
Missiles
 q - 2 poisoned darts (quivered)
Armour
 b - a +0 scale mail (worn)
 c - a +0 buckler (worn)
Jewellery
 j - an amulet of guardian spirit
Scrolls
 g - a scroll of vulnerability {unknown}
 h - a scroll of enchant weapon {unknown}
 i - 2 scrolls of identify {unknown}
 l - a scroll of noise {unknown}
 m - a scroll of enchant armour {unknown}
 n - a scroll of teleportation {unknown}
 p - a scroll of immolation {unknown}
Potions
 f - a potion of berserk rage {unknown}
 k - 2 potions of heal wounds {unknown}
 o - a potion of mutation {unknown}
 r - a potion of degeneration {unknown}
 s - a potion of curing {unknown}


   Skills:
 + Level 4.1 Fighting
 + Level 4.2 Axes
 + Level 3.8 Armour
 + Level 0.2 Dodging
 + Level 3.5 Shields


You had 3 spell levels left.
You didn't know any spells.
Your spell library contained the following spells:

 Spells                   Type           Power      Damage    Failure   Level
 Airstrike                Air            0%         2d(0-16)  100%        4
 Summon Lightning Spire   Summ/Air       0%         N/A       100%        4
 Lightning Bolt           Conj/Air       0%         1d11      100%        5


Dungeon Overview and Level Annotations

Branches:
Dungeon (3/15)

Altars:


Message History

The orc shouts!
The orc priest shouts, "Surrender to Beogh and we'll let you live!" (press Y on the ability menu to convert to Beogh)
The orc priest shouts!
You hear a shout!
An orc comes into view. It is wielding a +0 dagger.
You hear a shout!
The orc priest threatens, "By the altar or by the axe, you will meet Beogh!"
Found a stone staircase leading up.
An orc comes into view. It is wielding a +0 club.
The orc shouts!
You closely miss the orc.
An endoplasm comes into view.
An adder comes into view.
The orc hits you with a +0 flail. The orc hits you but does no damage.
The endoplasm moves out of view.
You hit the orc.
The orc is lightly wounded.
You hit the orc but do no damage. The orc hits you but does no damage.
The orc hits you with a +0 hand axe.
You barely miss the orc.
The orc is lightly wounded.
You hit the orc but do no damage. The orc barely misses you.
The orc hits you with a +0 hand axe.
You hit the orc but do no damage.
The orc is lightly wounded.
You barely miss the orc. The orc closely misses you.
The orc hits you with a +0 hand axe.
The orc priest invokes the aid of Beogh against you.
Beogh smites you! The orc closely misses you. The orc barely misses you.
You barely miss the orc priest. You hit the orc.
You kill the orc!
You hit the orc.
The orc priest mumbles some strange prayers to Beogh against you.
Beogh smites you! The orc hits you with a +0 flail.
* * * LOW HITPOINT WARNING * * *
The adder bites you but does no damage.
You feel very mighty all of a sudden. The orc priest hits you with a +0 club.
* * * LOW HITPOINT WARNING * * *
The orc hits you with a +0 flail.
You die...

#....#.# ......###
o...#.... ### .......
.... ..... #<... #o.#
#.....###SJ######
+.......@oo.....#
#.....###o......#
##### #.#.......#
#.#.#.......# .
#####.#.#.#'#####
....................#
........#######.###.#
................# #.#
.........#...##.# #.#


You could see an orc priest, an adder, 3 orcs and an endoplasm.

Vanquished Creatures
  A gnoll (D:1)
  2 adders
  An orc (D:3)
  4 ball pythons
  2 bats
  2 endoplasms (D:1)
  6 giant cockroaches
  3 hobgoblins
  2 jackals (D:1)
  2 kobolds (D:1)
  2 quokkas
  A frilled lizard (D:1)
  A goblin (D:1)
  2 rats (D:2)
31 creatures vanquished.

Notes
Turn   | Place    | Note
-------+----------+-------------------------------------------
     0 | D:1      | Eitelfritz the Hill Orc Fighter began the quest for the
                  | Orb.
     0 | D:1      | Reached XP level 1. HP: 19/19 MP: 1/1
   162 | D:1      | Reached XP level 2. HP: 24/27 MP: 2/2
   868 | D:1      | Reached XP level 3. HP: 7/33 MP: 3/3
  1996 | D:3      | Reached XP level 4. HP: 40/40 MP: 4/4
  2032 | D:3      | Slain by an orc

Illustrated notes

Levels and vault maps discovered:
D:1:      minmay_arrival_loop, layout_loops_ring, st_stairs_7,
          chequers_serial_rivers_micro_b
D:2:      layout_loops_ring, st_stairs_7
D:3:      kennysheep_big_flooded_room, layout_basic, basic_ecumenical_altar

Skill      XL: |  1  2  3 |
---------------+----------+-----
Axes           | 3 4 |  4.2
Fighting       | 4 |  4.1
Armour         | |  3.8
Dodging        | |  0.2
Shields        | |  3.5

Action                   |  1- 3 |  4- 6 || total
-------------------------+-------+-------++-------
Melee: War axe           |   100 |     5 ||   105
  Use: Potion            |       |     1 ||     1
Armor: Scale mail        |    50 |     3 ||    53
Dodge: Dodged            |    47 |     4 ||    51
Block: Buckler           |    19 |       ||    19
